TOP OF THE 1ST |
State College Spikes batting - Pitching for Scottsdale Scorpions : RHP John Field
|
Pitching: RHP John Field
|
|
Batting: RHB Luis Quezada
|
0-0: Foul Ball, location: 2F 0-1: Swinging Strike 0-2: Ball 1-2: Strikes out looking
|
Batting: RHB Piotr Zahn
|
0-0: Ball 1-0: Called Strike 1-1: Foul Ball, location: 2F 1-2: SINGLE (Flyball, 9LS)
|
Batting: RHB Tony Parker
|
0-0: Swinging Strike 0-1: Ball 1-1: Foul Ball, location: 2F 1-2: Ball 2-2: Foul Ball, location: 2F 2-2: Ball 3-2: SINGLE (Line Drive, 6MD) Piotr Zahn to second Runner from 2nd tries for 3rd, SAFE, throw made to third
|
Batting: RHB Martín López
|
0-0: Ball 1-0: Called Strike 1-1: Called Strike 1-2: Foul Ball, location: 2F 1-2: Foul Ball, location: 2F 1-2: Ball 2-2: Strikes out swinging
|
Batting: RHB Joaquín Vásquez
|
0-0: Ball 1-0: Called Strike 1-1: Called Strike 1-2: Ball 2-2: Strikes out swinging
|
Top of the 1st over - 0 run(s), 2 hit(s), 0 error(s), 2 left on base; State College 0 - Scottsdale 0 |
BOTTOM OF THE 1ST |
Scottsdale Scorpions batting - Pitching for State College Spikes : RHP Wyatt Anderson
|
Pitching: RHP Wyatt Anderson
|
|
Batting: LHB José Garza
|
0-0: Ball 1-0: Called Strike 1-1: Called Strike 1-2: Foul Ball, location: 2F 1-2: Foul Ball, location: 2F 1-2: Strikes out looking
|
Batting: LHB Alberto Roberts
|
0-0: Ball 1-0: Fly out, F7 (Flyball, 7LM)
|
Batting: SHB Ralph Robison
|
0-0: SINGLE (Line Drive, 56D)
|
Batting: LHB Sergio Fernández
|
0-0: Called Strike 0-1: Ball 1-1: Ball 2-1: Ball 3-1: Foul Ball, location: 2F 3-2: Base on Balls Ralph Robison to second
|
Batting: RHB Edgardo Gonzáles
|
0-0: Ball 1-0: Ball 2-0: SINGLE (Groundball, 56D) Ralph Robison to third Sergio Fernández to second Runner from 3rd tries for Home, SAFE, throw made home
|
Batting: RHB Ronald Smith
|
0-0: Foul Ball, location: 2F 0-1: Called Strike 0-2: Ball 1-2: Ball 2-2: Ball 3-2: Base on Balls Sergio Fernández to third Edgardo Gonzáles to second
|
Batting: RHB Jaime Delgado
|
0-0: Called Strike 0-1: Swinging Strike 0-2: Strikes out looking
|
Bottom of the 1st over - 1 run(s), 2 hit(s), 0 error(s), 3 left on base; State College 0 - Scottsdale 1 |
TOP OF THE 2ND |
State College Spikes batting - Pitching for Scottsdale Scorpions : RHP John Field
|
Batting: RHB Pedro Echevarría
|
0-0: Called Strike 0-1: Swinging Strike 0-2: Ground out 4-3 (Groundball, 34)
|
Batting: RHB Roberto Chávez
|
0-0: Called Strike 0-1: Swinging Strike 0-2: Ball 1-2: Ball 2-2: Ball 3-2: Foul Ball, location: 2F 3-2: Foul Ball, location: 2F 3-2: Base on Balls
|
Batting: LHB Wally Harris
|
0-0: Swinging Strike 0-1: Foul Ball, location: 2F 0-2: Strikes out swinging
|
Batting: RHB Matt Tucker
|
0-0: Foul Ball, location: 2F 0-1: Foul Ball, location: 2F 0-2: Ball 1-2: Ground out 1-3 (Groundball, 13)
|
Top of the 2nd over - 0 run(s), 0 hit(s), 0 error(s), 1 left on base; State College 0 - Scottsdale 1 |
BOTTOM OF THE 2ND |
Scottsdale Scorpions batting - Pitching for State College Spikes : RHP Wyatt Anderson
|
Batting: RHB Miguel Ramos
|
0-0: Ball 1-0: Ball 2-0: Fly out, F8 (Flyball, 8LD)
|
Batting: SHB Luis López
|
0-0: Fly out, F8 (Line Drive, 78D)
|
Batting: LHB José Garza
|
0-0: Ball 1-0: Foul Ball, location: 2F 1-1: Foul Ball, location: 2F 1-2: Ball 2-2: SINGLE (Line Drive, 78M)
|
Batting: LHB Alberto Roberts
|
0-0: Called Strike José Garza is caught stealing 2nd base
|
Bottom of the 2nd over - 0 run(s), 1 hit(s), 0 error(s), 0 left on base; State College 0 - Scottsdale 1 |
TOP OF THE 3RD |
State College Spikes batting - Pitching for Scottsdale Scorpions : RHP John Field
|
Batting: RHB Luis Quezada
|
0-0: Foul Ball, location: 2F 0-1: Hit by Pitch
|
Batting: RHB Piotr Zahn
|
0-0: Ball 1-0: Ball 2-0: SINGLE (Groundball, 34D) Luis Quezada to second Runner from 2nd tries for 3rd, OUT!
|
Batting: RHB Tony Parker
|
0-0: Swinging Strike 0-1: Ball 1-1: Ball 2-1: Swinging Strike 2-2: Strikes out looking
|
Batting: RHB Martín López
|
0-0: Called Strike 0-1: Ball 1-1: Ball 2-1: SINGLE (Groundball, 56D) Piotr Zahn to second
|
Batting: RHB Joaquín Vásquez
|
0-0: Ball 1-0: Foul Ball, location: 2F 1-1: Ball 2-1: Foul Ball, location: 2F 2-2: Foul Ball, location: 2F 2-2: Foul Ball, location: 2F 2-2: Strikes out swinging
|
Top of the 3rd over - 0 run(s), 2 hit(s), 0 error(s), 2 left on base; State College 0 - Scottsdale 1 |
BOTTOM OF THE 3RD |
Scottsdale Scorpions batting - Pitching for State College Spikes : RHP Wyatt Anderson
|
Batting: LHB Alberto Roberts
|
0-0: Ball 1-0: Called Strike 1-1: Foul Ball, location: 2F 1-2: Foul Ball, location: 2F 1-2: Ball 2-2: Strikes out looking
|
Batting: SHB Ralph Robison
|
0-0: Ball 1-0: SINGLE (Groundball, 4D)
|
Batting: LHB Sergio Fernández
|
0-0: Ball 1-0: Ball 2-0: Fielders Choice at 2nd, 3-6 (Groundball, 34)
|
Batting: RHB Edgardo Gonzáles
|
0-0: Called Strike 0-1: Ball 1-1: Swinging Strike 1-2: Fly out, F8 (Flyball, 78M)
|
Bottom of the 3rd over - 0 run(s), 1 hit(s), 0 error(s), 1 left on base; State College 0 - Scottsdale 1 |
TOP OF THE 4TH |
State College Spikes batting - Pitching for Scottsdale Scorpions : RHP John Field
|
Batting: RHB Pedro Echevarría
|
0-0: SINGLE (Groundball, 34) (infield hit)
|
Batting: RHB Roberto Chávez
|
0-0: Called Strike 0-1: Fielders Choice at 2nd, 1-6 (Groundball, 13S)
|
Batting: LHB Wally Harris
|
0-0: Swinging Strike 0-1: Swinging Strike 0-2: Ball 1-2: Ball 2-2: Ball 3-2: Foul Ball, location: 2F 3-2: Strikes out swinging
|
Batting: RHB Matt Tucker
|
0-0: Called Strike 0-1: Foul Ball, location: 2F 0-2: Ball 1-2: Ground out 3-1 (Groundball, 34)
|
Top of the 4th over - 0 run(s), 1 hit(s), 0 error(s), 1 left on base; State College 0 - Scottsdale 1 |
BOTTOM OF THE 4TH |
Scottsdale Scorpions batting - Pitching for State College Spikes : RHP Wyatt Anderson
|
Batting: RHB Ronald Smith
|
0-0: Called Strike 0-1: Ball 1-1: Ball 2-1: Ball 3-1: Base on Balls
|
Batting: RHB Jaime Delgado
|
0-0: Called Strike 0-1: Ball 1-1: Ball Wild Pitch! Ronald Smith to second 2-1: Ball 3-1: Foul Ball, location: 2F 3-2: Strikes out looking
|
Batting: RHB Miguel Ramos
|
0-0: Called Strike 0-1: Ball 1-1: Ball 2-1: Ground out 4-3 (Groundball, 4S) Ronald Smith to third
|
Batting: SHB Luis López
|
0-0: Ball 1-0: Called Strike 1-1: Ball 2-1: Called Strike 2-2: Strikes out swinging
|
Bottom of the 4th over - 0 run(s), 0 hit(s), 0 error(s), 1 left on base; State College 0 - Scottsdale 1 |
TOP OF THE 5TH |
State College Spikes batting - Pitching for Scottsdale Scorpions : RHP John Field
|
Batting: RHB Luis Quezada
|
0-0: Fly out, F7 (Flyball, 7)
|
Batting: RHB Piotr Zahn
|
0-0: Called Strike 0-1: SOLO HOME RUN (Flyball, 7D), Distance : 348 ft
|
Batting: RHB Tony Parker
|
0-0: Fly out, F8 (Flyball, 8LD)
|
Batting: RHB Martín López
|
0-0: Ball 1-0: Ground out 6-3 (Groundball, 6)
|
Top of the 5th over - 1 run(s), 1 hit(s), 0 error(s), 0 left on base; State College 1 - Scottsdale 1 |
BOTTOM OF THE 5TH |
Scottsdale Scorpions batting - Pitching for State College Spikes : RHP Wyatt Anderson
|
Batting: LHB José Garza
|
0-0: Foul Ball, location: 2F 0-1: Foul Ball, location: 2F 0-2: Ball 1-2: Strikes out looking
|
Batting: LHB Alberto Roberts
|
0-0: Foul Ball, location: 2F 0-1: Ball 1-1: Swinging Strike 1-2: SINGLE (Line Drive, 9LS)
|
Batting: SHB Ralph Robison
|
0-0: Called Strike 0-1: Ball 1-1: Ball 2-1: Called Strike Balk! Alberto Roberts to second 2-2: SINGLE (Flyball, 5D) Alberto Roberts to third
|
Pitching: RHP António Córdova
|
|
Batting: LHB Sergio Fernández
|
0-0: Foul Ball, location: 2F 0-1: Foul Ball, location: 2F 0-2: Ball 1-2: Foul Ball, location: 2F 1-2: Ball 2-2: Foul Ball, location: 2F 2-2: Foul Ball, location: 2F 2-2: SINGLE (Line Drive, 9) Alberto Roberts scores Ralph Robison to second
|
Batting: RHB Edgardo Gonzáles
|
0-0: Foul Ball, location: 2F 0-1: SINGLE (Groundball, 56D) Ralph Robison to third Sergio Fernández to second
|
Batting: RHB Ronald Smith
|
0-0: Called Strike 0-1: Ball 1-1: Ball 2-1: Called Strike 2-2: Strikes out swinging
|
Batting: RHB Jaime Delgado
|
0-0: Fly out, F9 (Flyball, 9S)
|
Bottom of the 5th over - 1 run(s), 4 hit(s), 0 error(s), 3 left on base; State College 1 - Scottsdale 2 |
TOP OF THE 6TH |
State College Spikes batting - Pitching for Scottsdale Scorpions : RHP John Field
|
Pitching: RHP José Alvarado
|
|
Batting: RHB Joaquín Vásquez
|
0-0: Ball 1-0: SINGLE (Groundball, 56D)
|
Batting: RHB Pedro Echevarría
|
0-0: Swinging Strike 0-1: Ball 1-1: Ball 2-1: Called Strike 2-2: Strikes out looking
|
Batting: RHB Roberto Chávez
|
0-0: Foul Ball, location: 2F 0-1: Called Strike 0-2: Foul Ball, location: 2F 0-2: Ball 1-2: SINGLE (Line Drive, 34D) Joaquín Vásquez to second
|
Batting: LHB Wally Harris
|
0-0: Called Strike 0-1: Foul Ball, location: 2F 0-2: Ball 1-2: Ball 2-2: Ball 3-2: Base on Balls Joaquín Vásquez to third Roberto Chávez to second
|
Batting: RHB Matt Tucker
|
0-0: Called Strike 0-1: Ball 1-1: Ball 2-1: Called Strike 2-2: Foul Ball, location: 2F 2-2: Foul Ball, location: 2F 2-2: Fielders Choice at 2nd, 4-6 (Groundball, 4M) Joaquín Vásquez scores Roberto Chávez to third
|
Batting: RHB Luis Quezada
|
0-0: Called Strike 0-1: Ball 1-1: Called Strike 1-2: Strikes out swinging
|
Top of the 6th over - 1 run(s), 2 hit(s), 0 error(s), 2 left on base; State College 2 - Scottsdale 2 |
BOTTOM OF THE 6TH |
Scottsdale Scorpions batting - Pitching for State College Spikes : RHP António Córdova
|
Batting: RHB Miguel Ramos
|
0-0: Called Strike 0-1: Ball 1-1: Foul Ball, location: 2F 1-2: Ball 2-2: Foul Ball, location: 2F 2-2: Ball 3-2: Ground out 5-3 (Groundball, 56S)
|
Batting: SHB Luis López
|
0-0: Ball 1-0: Swinging Strike 1-1: Ground out 3-1 (Groundball, 34)
|
Batting: LHB José Garza
|
0-0: Ball 1-0: Ball 2-0: Called Strike 2-1: Bunt missed! 2-2: Strikes out swinging
|
Bottom of the 6th over - 0 run(s), 0 hit(s), 0 error(s), 0 left on base; State College 2 - Scottsdale 2 |
TOP OF THE 7TH |
State College Spikes batting - Pitching for Scottsdale Scorpions : RHP José Alvarado
|
Batting: RHB Piotr Zahn
|
0-0: Ball 1-0: Swinging Strike 1-1: Ball 2-1: Ball 3-1: Ground out 3-1 (Groundball, 34)
|
Batting: RHB Tony Parker
|
0-0: Ball 1-0: Called Strike 1-1: Foul Ball, location: 2F 1-2: Ball 2-2: Strikes out swinging
|
Batting: RHB Martín López
|
0-0: Called Strike 0-1: Swinging Strike 0-2: Ball 1-2: Ball 2-2: Ball 3-2: Strikes out swinging
|
Top of the 7th over - 0 run(s), 0 hit(s), 0 error(s), 0 left on base; State College 2 - Scottsdale 2 |
BOTTOM OF THE 7TH |
Scottsdale Scorpions batting - Pitching for State College Spikes : RHP António Córdova
|
Pinch Hitting: SHB Arnold Moore
|
0-0: SINGLE (Line Drive, 3S)
|
Batting: SHB Ralph Robison
|
0-0: Swinging Strike 0-1: Foul Ball, location: 2F 0-2: Foul Ball, location: 2F 0-2: SINGLE (Flyball, 7S) Arnold Moore to second
|
Batting: LHB Sergio Fernández
|
0-0: Ball 1-0: Foul Ball, location: 2F 1-1: Ball 2-1: Fly out, F7 (Flyball, 7LM)
|
Pinch Hitting: LHB Manny Vigil
|
0-0: Swinging Strike 0-1: 3-RUN HOME RUN (Flyball, 9D), Distance : 349 ft
|
Pitching: RHP Don Shelton
|
|
Batting: RHB Ronald Smith
|
0-0: Ball 1-0: Ball 2-0: Called Strike 2-1: Foul Ball, location: 2F 2-2: Ball 3-2: Foul Ball, location: 2F 3-2: Strikes out looking
|
Batting: RHB Jaime Delgado
|
0-0: Ball 1-0: Called Strike 1-1: SINGLE (Line Drive, 7S)
|
Batting: RHB Miguel Ramos
|
0-0: Ball 1-0: Ball 2-0: Ball 3-0: Called Strike 3-1: Called Strike 3-2: Foul Ball, location: 2F 3-2: SINGLE (Groundball, 4MD) Jaime Delgado to second Jaime Delgado to third
|
Batting: SHB Luis López
|
0-0: Ball 1-0: Ball 2-0: Ball 3-0: Base on Balls Miguel Ramos to second
|
Batting: LHB José Garza
|
0-0: Ball 1-0: Fly out, F6 (Line Drive, 6)
|
Bottom of the 7th over - 3 run(s), 5 hit(s), 0 error(s), 3 left on base; State College 2 - Scottsdale 5 |
TOP OF THE 8TH |
State College Spikes batting - Pitching for Scottsdale Scorpions : RHP José Alvarado
|
Now at 3B: Arnold Moore
|
|
Now in CF: Ernesto Hernández
|
|
Batting: RHB Joaquín Vásquez
|
0-0: Fly out, F4 (Popup, 34D)
|
Batting: RHB Pedro Echevarría
|
0-0: Ball 1-0: Ball 2-0: Called Strike 2-1: Foul Ball, location: 2F 2-2: Ball 3-2: Base on Balls
|
Pitching: RHP Martin Miller
|
|
Batting: RHB Roberto Chávez
|
0-0: Called Strike 0-1: Swinging Strike 0-2: Foul Ball, location: 2F 0-2: DOUBLE (Line Drive, 7LM) Pedro Echevarría to third
|
Batting: LHB Wally Harris
|
0-0: Ball 1-0: Ball 2-0: Ball 3-0: Base on Balls
|
Pinch Hitting: RHB Luis Montoya
|
0-0: Ball 1-0: Fly out, F4 (Popup, 34)
|
Pinch Hitting: LHB Burt Ward
|
0-0: Swinging Strike 0-1: Swinging Strike 0-2: Ball 1-2: Strikes out swinging
|
Top of the 8th over - 0 run(s), 1 hit(s), 0 error(s), 3 left on base; State College 2 - Scottsdale 5 |
BOTTOM OF THE 8TH |
Scottsdale Scorpions batting - Pitching for State College Spikes : RHP Don Shelton
|
Now at 2B: Luis Montoya
|
|
Now in CF: Burt Ward
|
|
Batting: SHB Arnold Moore
|
0-0: Called Strike 0-1: Called Strike 0-2: Ball 1-2: Strikes out swinging
|
Batting: SHB Ralph Robison
|
0-0: Ball 1-0: Ball 2-0: Ball 3-0: Called Strike 3-1: Fly out, F3 (Line Drive, 3)
|
Batting: LHB Sergio Fernández
|
0-0: Foul Ball, location: 2F 0-1: Foul Ball, location: 2F 0-2: Strikes out swinging
|
Bottom of the 8th over - 0 run(s), 0 hit(s), 0 error(s), 0 left on base; State College 2 - Scottsdale 5 |
TOP OF THE 9TH |
State College Spikes batting - Pitching for Scottsdale Scorpions : RHP Martin Miller
|
Pitching: RHP Jesús Ramírez
|
|
Batting: RHB Piotr Zahn
|
0-0: Ball 1-0: Foul Ball, location: 2F 1-1: Called Strike 1-2: Ball 2-2: Strikes out swinging
|
Batting: RHB Tony Parker
|
0-0: Swinging Strike 0-1: Ball 1-1: Called Strike 1-2: Ball 2-2: Ball 3-2: Foul Ball, location: 2F 3-2: Foul Ball, location: 2F 3-2: Fly out, F3 (Popup, 3)
|
Batting: RHB Martín López
|
0-0: Ball 1-0: SINGLE (Flyball, 8RS)
|
Batting: RHB Joaquín Vásquez
|
0-0: Ball 1-0: Fielders Choice at 2nd, 6-4 (Groundball, 56)
|
Top of the 9th over - 0 run(s), 1 hit(s), 0 error(s), 0 left on base; State College 2 - Scottsdale 5 |
|